 Dungeon Crawl Stone Soup version 0.29-a0-393-g47a863cc1b (webtiles) character file.

Game seed: 16821539552702916092

985 Gargoyl the Chopper (level 8, 0/49 HPs)
             Began as a Gargoyle Berserker on May 9, 2022.
             Was a Believer of Trog.
             Killed by divine providence
             ... invoked by an orc priest
              (12 damage)
             ... on level 4 of the Dungeon.
             The game lasted 00:05:19 (4773 turns).

Gargoyl the Chopper (Gargoyle Berserker)            Turns: 4773, Time: 00:05:20

Health: 0/49       AC: 20    Str: 21    XL:     8   Next: 18%
Magic:  8/8        EV:  7    Int:  8    God:    Trog [**....]
Gold:   192        SH:  0    Dex: 11    Spells: 7/7 levels left

rFire   . . .      SeeInvis .   a - +3 hand axe
rCold   . . .      Faith    .   (no shield)
rNeg    + . .      Spirit   .   c - +1 plate armour
rPois   ∞          Reflect  .   o - +0 helmet
rElec   +          Harm     .   (no cloak)
rCorr   .          Rampage  .   (no gloves)
Will    .....                   (no boots)
Stlth   ..........              (no amulet)
HPRegen 0.16/turn               b - ring of flight
MPRegen 0.11/turn               (no ring)

@: confused, brilliant, ambrosia-drunk, flying
A: sickness immunity, AC +5, negative energy resistance 1, electricity
resistance, torment resistance 1, petrification resistance
a: Renounce Religion, Berserk, Trog's Hand


You were on level 4 of the Dungeon.
You worshipped Trog.
Trog was pleased with you.
You visited 1 branch of the dungeon, and saw 4 of its levels.

You collected 192 gold pieces.

Inventory:

Hand Weapons
 a - a +3 hand axe (weapon)
Missiles
 d - 4 poisoned darts (quivered)
Armour
 c - a +1 plate armour (worn)
 o - a +0 helmet (worn)
Jewellery
 b - a ring of flight (left hand)
Wands
 f - a wand of digging (4)
 p - a wand of paralysis (2)
 q - a wand of charming (3)
Scrolls
 m - a scroll of identify
 n - a scroll of immolation {unknown}
Potions
 e - 3 potions of curing
 g - a potion of brilliance
 h - a potion of cancellation
 i - a potion of lignification
 k - 2 potions of mutation {unknown}
 l - 2 potions of flight {unknown}


   Skills:
 + Level 5.2 Fighting
 + Level 6.9 Axes
 + Level 5.2 Armour
 + Level 2.0 Dodging
 + Level 0.5 Stealth


You had 7 spell levels left.
You didn't know any spells.
Your spell library was empty.

Dungeon Overview and Level Annotations

Branches:
Dungeon (4/15)
 Temple: D:4-7

Altars:
Cheibriados
Fedhas
Gozag
Kikubaaqudgha
Ru
Yredelemnul


Innate Abilities, Weirdness & Mutations

You are immune to sickness and miasma.
Your stone body is resilient. (AC +5)
You are immune to poison.
You resist negative energy. (rN+)
You are resistant to electric shocks. (rElec)
You are resistant to unholy torment.
You are immune to petrification.


Message History

The hornet stings you but does no damage.
The hornet stings you.
You closely miss the hornet.
The hornet is heavily wounded.
The hornet stings you.
You hit the hornet.
The hornet is heavily wounded.
You feel the effects of Trog's Hand fading.
The hornet stings you but does no damage. x2
The orc priest looks satisfied for a moment.
You hit the hornet but do no damage.
The hornet is heavily wounded.
The hornet stings you but does no damage.
You hit the hornet but do no damage.
The hornet is heavily wounded.
The hornet stings you!
The hornet stings you but does no damage.
You barely miss the hornet.
The hornet is heavily wounded.
The hornet stings you!
* * * LOW HITPOINT WARNING * * *
Okay, then.
Okay, then.
It was a potion of brilliance.
You feel clever all of a sudden. The hornet barely misses you.
The hornet stings you but does no damage.
You closely miss the hornet.
The hornet is heavily wounded.
The hornet stings you.
* * * LOW HITPOINT WARNING * * *
It was a potion of ambrosia.
You are confused.
You feel invigorated.
You recover from your berserk rage.
Your skin stops crawling.
You feel less strong-willed. The hornet closely misses you.
The orc priest mumbles some strange prayers to Beogh against you.
Beogh smites you!
You die...

.### #..### ..#..###
#......... #...#..########
......#.# ..#...#..#....#
.......<. #...#...#.....####
.oo...#.# ..#...#...#......#
#o...o.y.
#...#...#.....##.###..y..#.#
..#...#...#...##@##.........
#...#...#.....##y##......#.
..#...#...#.####o##......../
#...#...#......)oo..........
..#...#...#.####.#..........
#...#...#..g####.o.#........
..#...#...#.....(..##.......
#...#...#...#####...#.......
..#...#...#.# ###....##...


You could see a hornet, 2 orc priests and 2 orcs.

Vanquished Creatures
  Pikel (D:4)
  Menkaure (D:4)
  2 lemures (D:4)
  Blork the orc (D:4)
  A scorpion (D:4)
  A hound (D:4)
  Jessica (D:3)
  An iguana (D:4)
  2 orc wizards (D:3)
  7 gnolls (D:2)
  6 adders
  2 worms
  6 dart slugs
  5 orcs
  3 ball pythons
  5 endoplasms
  2 giant cockroaches
  9 goblins
  4 hobgoblins
  9 jackals (D:3)
  5 kobolds
  4 quokkas
  8 bats
  3 frilled lizards (D:1)
  3 rats
92 creatures vanquished.

Vanquished Creatures (others)
  A goblin (D:4)
1 creature vanquished.

Grand Total: 93 creatures vanquished

Notes
Turn   | Place    | Note
-------+----------+-------------------------------------------
     0 | D:1      | Gargoyl the Gargoyle Berserker began the quest for the Orb.
     0 | D:1      | Reached XP level 1. HP: 14/14 MP: 1/1
   532 | D:1      | Reached XP level 2. HP: 19/19 MP: 2/2
   542 | D:1      | Reached skill level 3 in Axes
  1373 | D:2      | Found a sacrificial altar of Ru.
  1437 | D:2      | Reached XP level 3. HP: 18/24 MP: 3/3
  1610 | D:2      | Reached XP level 4. HP: 17/29 MP: 4/4
  2148 | D:2      | Reached skill level 4 in Axes
  2148 | D:2      | Reached XP level 5. HP: 32/33 MP: 5/5
  2151 | D:2      | Reached ** piety under Trog
  3105 | D:3      | Found an ancient bone altar of Kikubaaqudgha.
  3290 | D:3      | Reached XP level 6. HP: 38/38 MP: 6/6
  3379 | D:3      | Noticed Jessica
  3381 | D:3      | Killed Jessica
  3485 | D:3      | Found a blossoming altar of Fedhas.
  3485 | D:3      | Found a snail-covered altar of Cheibriados.
  3776 | D:4      | Noticed Blork the orc
  3790 | D:4      | Killed Blork the orc
  3791 | D:4      | Noticed Menkaure
  3805 | D:4      | Killed Menkaure
  3806 | D:4      | Reached skill level 5 in Axes
  3806 | D:4      | Reached XP level 7. HP: 30/44 MP: 7/7
  3971 | D:4      | Found a basalt altar of Yredelemnul.
  4082 | D:4      | Reached *** piety under Trog
  4137 | D:4      | Found an opulent altar of Gozag.
  4716 | D:4      | Noticed Pikel
  4730 | D:4      | Killed Pikel
  4731 | D:4      | Reached skill level 5 in Fighting
  4731 | D:4      | Reached skill level 6 in Axes
  4731 | D:4      | Reached skill level 5 in Armour
  4731 | D:4      | Reached XP level 8. HP: 49/49 MP: 8/8
  4747 | D:4      | Noticed a hornet
  4773 | D:4      | Killed from afar by an orc priest

Illustrated notes

Levels and vault maps discovered:
D:1:      dpeg_arrival_castle, layout_rooms, minmay_3d_cube
D:2:      minmay_skewed_foursquare, layout_loops_cross, basic_altar,
          chequers_serial_rivers_micro_c
D:3:      kennysheep_big_flooded_room, layout_basic,
          nicolae_kikubaaqudgha_miasma_corner, minitemple, uniq_jessica
D:4:      black_bear_nest_1, layout_rooms, kennysheep_mini_moat,
          old_standard_altar, hex_large, st_stairs_8, lemuel_flame_loot_1,
          uniq_blork_the_orc, uniq_menkaure, uniq_pikel

Skill      XL: |  1  2  3  4  5  6  7 |
---------------+----------------------+-----
Axes           | 3 4 5 6 |  6.9
Armour         | 3 4 5 |  5.2
Fighting       | 4 5 |  5.2
Dodging        | 2 |  2.0
Stealth        | |  0.5

Action                   |  1- 3 |  4- 6 |  7- 9 || total
-------------------------+-------+-------+-------++-------
Melee: Hand axe          |    96 |   170 |    65 ||   331
       Punch             |     1 |       |     1 ||     2
Throw: Dart              |       |       |     1 ||     1
Invok: Berserk           |     2 |     3 |     1 ||     6
       Trog's Hand       |       |     1 |     1 ||     2
  Use: Scroll            |     5 |     8 |       ||    13
       Potion            |       |       |     2 ||     2
Armor: Plate armour      |    65 |   172 |    64 ||   301
       Animal skin       |     2 |       |       ||     2
Dodge: Dodged            |    39 |    61 |    24 ||   124

Table legend: (Time is in decaauts)
 A = Elapsed time spent in this place.
 B = Non-inter-level travel time spent in this place.
 C = Inter-level travel time spent in this place.
 D = Time resting spent in this place.
 E = Time spent auto-exploring this place.
 F = Levels seen in this place.
 G = Mean time per level.
                   A        B        C        D        E       F      G
               +--------+--------+--------+--------+--------+-----+--------+
         Total |   4841 |   4785 |     56 |    445 |   3464 |   4 | 1210.2 |
       Dungeon |   4841 |   4785 |     56 |    445 |   3464 |   4 | 1210.2 |
               +--------+--------+--------+--------+--------+-----+--------+

Top non-repeatable levels by time:
     D:2: 1514 daAuts
     D:1: 1391 daAuts
     D:4: 1085 daAuts
     D:3: 851 daAuts
